 Dungeon Crawl Stone Soup version 0.22.0-5-gf09313c (webtiles) character file.

490 corax the Vandal (level 6, -7/32 HPs)
             Began as a Spriggan Hunter on Aug 13, 2018.
             Killed from afar by an orc wizard (9 damage)
             ... with a magic dart
             ... on level 4 of the Dungeon.
             The game lasted 00:07:07 (2685 turns).

corax the Vandal (Spriggan Hunter)                  Turns: 2685, Time: 00:07:07

Health: -7/32      AC:  2    Str: 10    XL:     6   Next: 90%
Magic:  7/7        EV: 21    Int: 12    God:
Gold:   167        SH:  0    Dex: 17    Spells: 5/5 levels left

rFire    . . .     SeeInvis +   a - +1 hunting sling
rCold    . . .     Gourm    .   (shield restricted)
rNeg     . . .     Faith    .   c - +0 robe
rPois    .         Spirit   .   (helmet restricted)
rElec    .         Reflect  .   (no cloak)
rCorr    .         Harm     .   (gloves unavailable)
MR       +....                  (boots unavailable)
Stlth    +++.......             (no amulet)
HPRegen  0.10/turn              (no ring)
MPRegen  0.10/turn              (no ring)

@: very quick
A: very small, unfitting armour, see invisible, herbivore, speed 3, slow
metabolism 2
a: no special abilities


You were on level 4 of the Dungeon.
You were not hungry.

You visited 1 branch of the dungeon, and saw 4 of its levels.

You collected 167 gold pieces.

Inventory:

Hand Weapons
 a - a +1 hunting sling (weapon)
 b - a +0 short sword
Missiles
 d - 19 sling bullets (quivered)
 g - 38 stones
Armour
 c - a +0 robe (worn)
Jewellery
 h - an uncursed amulet of the acrobat {unknown}
Scrolls
 e - 2 scrolls of enchant armour {unknown}
 j - 3 scrolls of identify {unknown}
 k - a scroll of blinking {unknown}
 n - 2 scrolls of immolation {unknown}
 q - a scroll of noise {unknown}
Potions
 i - a potion of brilliance {unknown}
 l - a potion of agility {unknown}
 m - 2 potions of curing {unknown}
 o - 2 potions of berserk rage {unknown}
 p - 2 potions of heal wounds {unknown}
 r - a potion of magic {unknown}
Comestibles
 f - 8 rations


   Skills:
 + Level 3.3 Fighting
 + Level 6.5 Slings
 + Level 5.9 Dodging
 + Level 5.7 Stealth


You had 5 spell levels left.
You didn't know any spells.
Your spell library was empty.

Dungeon Overview and Level Annotations

Branches:
Dungeon (4/15)
 Temple: D:4-7

Altars:
Wu Jian
Zin
The Shining One


Innate Abilities, Weirdness & Mutations

You are very small and have problems with some larger weapons.
You are too small for most types of armour.
You have supernaturally acute eyesight. (SInv)
You are a herbivore.
You cover ground extremely quickly.
You need to consume almost no food.


Message History

The orc wizard seems to speed up.
Firing (i - inventory. (/) - cycle)
d - 22 sling bullets (quivered)
Press: ? - help, Shift-Dir - straight line, f/p - orc wizard
Aim: an orc wizard, wielding a dagger and wearing a robe (lightly wounded, fast)
You shoot a sling bullet. The sling bullet hits the orc wizard.
The orc wizard is moderately wounded.
Firing (i - inventory. (/) - cycle)
d - 21 sling bullets (quivered)
Press: ? - help, Shift-Dir - straight line, f/p - orc wizard
Aim: an orc wizard, wielding a dagger and wearing a robe (moderately wounded, fast)
You shoot a sling bullet.
The sling bullet closely misses the orc wizard.
The orc wizard completely misses you. The orc wizard misses you.
Firing (i - inventory. (/) - cycle)
d - 20 sling bullets (quivered)
Press: ? - help, Shift-Dir - straight line, f/p - orc wizard
Aim: an orc wizard, wielding a dagger and wearing a robe (moderately wounded, fast)
You shoot a sling bullet. The sling bullet hits the orc wizard.
The orc wizard is heavily wounded.
The orc wizard gestures at you while chanting.
The magic dart hits you!
You die...

# +.........####### #......+
#(..........#.... #......#
#...........'.... #..>...#
#...........#.... #......#
#######'####+#....
#......#########........)........
#....o...........................
#..........................[.....
..(.(....(.(((..@>...............
.######........)o................
.#....#........(#########'#######
.+....'.........#...........#
.#....#.........#......O....#
.#....#....>.(..#...........#
##....###########...........#
...............#............#
...............'............#


You could see an orc wizard.

Vanquished Creatures
  2 ogres (D:4)
  A howler monkey (D:4)
  2 orc priests (D:4)
  An orc wizard (D:4)
  A hound skeleton (D:4)
  3 gnolls (D:3)
  7 adders
  2 oozes
  2 dart slugs
  5 leopard geckos
  3 orcs (D:4)
  A ball python (D:1)
  4 giant cockroaches
  9 goblins
  5 hobgoblins
  6 jackals
  3 bats
  3 frilled lizards
  9 kobolds
  5 rats
  A toadstool (D:1)
75 creatures vanquished.

Vanquished Creatures (others)
  3 toadstools (D:1)
3 creatures vanquished.

Grand Total: 78 creatures vanquished

Notes
Turn   | Place    | Note
-------+----------+-------------------------------------------
     0 | D:1      | corax the Spriggan Hunter began the quest for the Orb.
     0 | D:1      | Reached XP level 1. HP: 10/10 MP: 2/2
   153 | D:1      | Reached skill level 5 in Slings
   153 | D:1      | Reached XP level 2. HP: 14/15 MP: 3/3
   584 | D:1      | Reached XP level 3. HP: 18/18 MP: 4/4
   873 | D:2      | Reached XP level 4. HP: 23/23 MP: 5/5
  1313 | D:2      | Found a glowing golden altar of the Shining One.
  1806 | D:3      | Reached XP level 5. HP: 7/27 MP: 6/6
  1972 | D:3      | Found an ornate altar of the Wu Jian Council.
  1974 | D:3      | Found a glowing silver altar of Zin.
  2277 | D:4      | Noticed an ogre
  2297 | D:4      | Killed an ogre
  2297 | D:4      | Reached skill level 6 in Slings
  2297 | D:4      | Reached skill level 5 in Dodging
  2343 | D:4      | Noticed an ogre
  2398 | D:4      | Killed an ogre
  2398 | D:4      | Reached skill level 5 in Stealth
  2398 | D:4      | Reached XP level 6. HP: 32/32 MP: 7/7
  2677 | D:4      | HP: 1/32 [orc wizard/magic dart (11)]
  2685 | D:4      | Killed from afar by an orc wizard

Skill      XL: |  1  2  3  4  5 |
---------------+----------------+-----
Stealth        | 2 3 4 5 |  5.7
Slings         | 5 6 |  6.5
Fighting       | 2 3 |  3.3
Dodging        | 4 5 |  5.9

Action                   |  1- 3 |  4- 6 || total
-------------------------+-------+-------++-------
Melee: Short sword       |    11 |       ||    11
 Fire: Hunting sling     |    85 |   190 ||   275
Armor: Robe              |     4 |       ||     4
Dodge: Dodged            |    22 |    25 ||    47
